Map: Dusk Towers

Players

LilDicky

  • Race: Terran Terran
  • League: Diamond

taxc - Winner!

  • Race: Protoss Protoss
  • League: Diamond

VOD

http://www.twitch.tv/tumescentpie

Description

Time

  • Played on: Dec. 25, 2015, 12:32 a.m.
  • Length: 6:59
Show
View Real Time Build Order
Export as new Build Order

LilDicky Terran 

Build Orders: MMM Bio 

Get SALT Encoding   

  12  0:02  SCV  
  13  0:14  SCV  
  14  0:22  Supply Depot  
  14  0:27  Refinery  
  14  0:28  SCV  
  15  0:43  SCV  
  16  0:51  Barracks  
  16  0:55  SCV  
  17  1:07  SCV  
  18  1:20  SCV  
  19  1:38  Marine  
  19  1:39  Supply Depot, Orbital Command  
  20  1:54  Barracks  
  20  1:56  Barracks  
  20  1:58  Factory  
  20  2:02  Marine  
  21  2:16  Refinery  
  21  2:26  SCV  
  21  2:27  Barracks Reactor  
  22  2:31  Supply Depot  
  22  2:38  SCV  
  22  2:44  Barracks Tech Lab x2  
  23  2:59  SCV  
  23  3:03  Widow Mine  
  26  3:08  Stimpack  
  26  3:11  SCV  
  26  3:12  Supply Depot, Marine x3  
  30  3:23  Marine  
  30  3:25  Combat Shields  
  30  3:30  Marine x2  
  31  3:50  Widow Mine  
  33  3:56  Marauder x2, Marine x2  
  33  4:00  Starport  
  39  4:03  Supply Depot  
  39  4:07  SCV  
  40  4:17  Marine, Marauder  
  40  4:19  SCV  
  42  4:36  Marauder, Marine x2  
  45  4:39  Marauder  
  45  4:42  Medivac  
  48  4:50  Supply Depot, SCV  
  49  4:54  Marine x2  
  51  5:07  Marauder, Marine  
  51  5:12  Medivac, Marine x2  
  58  5:15  SCV  
  55  5:54  Marine  
  55  5:55  Marauder x2, Marine  
  55  5:56  SCV  
  52  6:09  SCV  
  52  6:10  Medivac  
  55  6:12  Marine x2  
  55  6:16  Marine  
  58  6:21  SCV  
Show
View Real Time Build Order
Export as new Build Order

taxc Protoss - Winner!

Build Orders: 1 Gate Expand 

Get SALT Encoding   

  12  0:01  Probe (Chrono Boost)  
  13  0:11  Probe (Chrono Boost)  
  14  0:18  Pylon  
  14  0:27  Probe (Chrono Boost)  
  15  0:38  Probe (Chrono Boost)  
  15  0:40  Gateway  
  16  0:48  Probe (Chrono Boost)  
  17  0:52  Assimilator  
  17  1:16  Nexus  
  17  1:22  Probe (Chrono Boost)  
  18  1:31  Cybernetics Core  
  18  1:36  Probe (Chrono Boost)  
  19  1:47  Probe (Chrono Boost)  
  20  1:59  Probe (Chrono Boost)  
  21  2:05  Assimilator  
  21  2:08  Gateway, Warp Gate  
  21  2:10  Probe (Chrono Boost)  
  21  2:14  Adept  
  23  2:25  Pylon  
  23  2:28  Probe (Chrono Boost)  
  24  2:35  Probe (Chrono Boost)  
  25  2:39  Mothership Core (Chrono Boost)  
  27  2:48  Gateway  
  27  2:51  Probe (Chrono Boost)  
  27  2:56  Pylon  
  27  2:58  Probe (Chrono Boost)  
  29  3:04  Adept  
  31  3:20  Robotics Facility  
  31  3:25  Gateway  
  29  4:00  Probe x2 (Chrono Boost)  
  31  4:07  Observer (Chrono Boost)  
  32  4:11  Probe  
  32  4:12  Probe  
  28  4:21  Probe  
  24  4:32  Probe x2  
  26  4:42  Probe  
  26  4:44  Stalker x2, Probe  
  26  4:45  Stalker x2  
  36  4:51  Immortal (Chrono Boost)  
  40  4:53  Probe  
  40  4:56  Probe  
  42  5:03  Probe  
  43  5:10  Sentry x2  
  43  5:11  Stalker  
  49  5:15  Adept  
  49  5:18  Probe  
  52  5:42  Immortal (Chrono Boost)  
  54  5:49  Adept  
  52  5:58  Pylon  
  50  6:04  Adept x2  
  54  6:14  Probe  
  54  6:16  Probe, Pylon  
  56  6:19  Pylon, Assimilator  
  56  6:24  Assimilator  
  56  6:25  Probe  
  56  6:28  Probe  
  58  6:35  Adept x2  
  62  6:53  Pylon  
Tags
 
Add a new tag
Caveats
  • Supply blocks, unpowered buildings, or Contaminate may cause inaccurate times.
  • Supply counts are checked every 10 seconds.